 Dungeon Crawl Stone Soup version 0.21-a0-538-gd16b88a (webtiles) character file.

352 slep the Chopper (level 6, -2/32 HPs)
             Began as a Vine Stalker Gladiator on Dec 15, 2017.
             Slain by a gnoll
             ... wielding a +0 spear
              (3 damage)
             ... on level 2 of the Dungeon on Dec 16, 2017.
             The game lasted 00:05:39 (1774 turns).

slep the Chopper (Vine Stalker Gladiator)           Turns: 1774, Time: 00:05:39

Health: -2/32      AC:  4    Str: 17    XL:     6   Next: 62%
Magic:  0/7        EV: 10    Int:  8    God:
Gold:   154        SH:  8    Dex: 17    Spells: 5/5 levels left

rFire    . . .     SeeInvis .   a - +0 war axe
rCold    + . .     Gourm    .   u - +0 shield
rNeg     + . .     Faith    .   y - +0 leather armour {rC+}
rPois    .         Spirit   +   c - +0 helmet
rElec    .         Reflect  .   (no cloak)
rCorr    .         Harm     +   (no gloves)
MR       .....                  (no boots)
Stlth    ++........             t - amulet of harm
HPRegen  0.50/turn              g - ring of positive energy
MPRegen  0.10/turn              h - +3 ring of slaying

@: no status effects
A: fangs 2, regeneration 1, magic shield, antimagic bite, no potion heal 3, rot
immunity
a: no special abilities


You were on level 2 of the Dungeon.
You were not hungry.

You visited 1 branch of the dungeon, and saw 3 of its levels.

You collected 154 gold pieces.

Inventory:

Hand Weapons
 a - a +0 war axe (weapon)
 z - a +0 blowgun
Missiles
 d - 3 throwing nets (quivered)
 A - 9 poisoned needles
Armour
 b - a +0 leather armour
 c - a +0 helmet (worn)
 u - a +0 shield (worn)
 y - a +0 leather armour of cold resistance (worn)
Jewellery
 g - a ring of positive energy (left hand)
 h - a +3 ring of slaying (right hand)
 m - an uncursed ring of resist corrosion {unknown}
 t - an amulet of harm (around neck)
Wands
 x - a wand of enslavement (11)
Scrolls
 e - 3 scrolls of remove curse {unknown}
 j - 3 scrolls of identify {unknown}
 l - a scroll of enchant armour {unknown}
 p - 2 scrolls of fog {unknown}
 w - a scroll of magic mapping {unknown}
 B - a scroll of fear {unknown}
Potions
 i - 2 potions of heal wounds {unknown}
 k - a potion of agility {unknown}
 o - a potion of curing {unknown}
 q - a potion of resistance {unknown}
 r - a potion of degeneration {unknown}
 v - 2 potions of flight {unknown}
Comestibles
 f - a bread ration
 n - 2 fruits
 s - a chunk of flesh


   Skills:
 + Level 2.6 Fighting
 + Level 4.6 Axes
 + Level 1.9 Throwing
 + Level 2.0 Armour
 + Level 3.2 Dodging
 + Level 2.1 Stealth
 + Level 0.4 Shields


You had 5 spell levels left.
You didn't know any spells.

Dungeon Overview and Level Annotations

Branches:
Dungeon (3/15)

Altars:

Annotations:
D:2 Terence


Innate Abilities, Weirdness & Mutations

You have extremely sharp teeth.
Your natural rate of healing is unusually fast.
When hurt, damage is shared between your health and your magic reserves.
Your bite disrupts and absorbs the magic of your enemies.
Potions cannot restore your health.
You are immune to rotting.


Message History

You closely miss the hobgoblin. Your bite misses the hobgoblin.
The gnoll hits you from afar with a spear.
The hobgoblin hits you.
The gnoll hits you from afar with a spear.
You slash the hobgoblin!
You kill the hobgoblin!
The gnoll closely misses you.
You barely miss the goblin. Your bite misses the goblin.
The gnoll hits you from afar with a spear.
The goblin barely misses you.
The gnoll hits you from afar with a spear!
* * * LOW HITPOINT WARNING * * *
You barely miss the goblin. You block the goblin's attack.
The gnoll hits you from afar with a spear.
* * * LOW HITPOINT WARNING * * *
You block the goblin's attack.
You hit the goblin.
You kill the goblin!
The gnoll hits you from afar with a spear.
You die...

### ....(..gg..
#<) ############
...S..gg.. ###
#...>..(....
......... #
........####
....... #
...†....####
#..#'#### #####
...†).......
........ .[...
........####
####gg.# .##.#
........#
#.@)gg.#
........#
#.###.##
#.#############.#
.#
#.######......#.#
..
#.#.(.##.####.#.#
#.# #†#...##.#
#†..# ?#
#.#......# #####
.# #.###.#### .#
......#


You could see a gnoll, a hobgoblin and 2 goblins.

Vanquished Creatures
  Sigmund (D:3)
  Jessica (D:3)
  Ijyb (D:3)
  2 gnolls (D:2)
  8 adders
  3 dart slugs
  2 leopard geckos (D:3)
  2 giant cockroaches
  10 goblins
  6 hobgoblins
  2 jackals (D:3)
  5 kobolds
  6 bats
  3 frilled lizards
  2 rats
54 creatures vanquished.

Notes
Turn   | Place    | Note
-------+----------+-------------------------------------------
     0 | D:1      | slep the Vine Stalker Gladiator began the quest for the Orb.
     0 | D:1      | Reached XP level 1. HP: 11/11 MP: 2/2
   260 | D:1      | Reached XP level 2. HP: 7/15 MP: 3/3
   419 | D:1      | Reached skill level 3 in Axes
   911 | D:2      | Noticed Jessica
   912 | D:2      | Noticed Terence
   921 | D:3      | Killed Jessica
   921 | D:3      | Reached XP level 3. HP: 8/18 MP: 4/4
   974 | D:3      | Gained mutation: Your natural rate of healing is unusually fast. [Vine Stalker growth]
   974 | D:3      | Reached XP level 4. HP: 11/23 MP: 2/5
  1052 | D:3      | Noticed Sigmund
  1078 | D:3      | Killed Sigmund
  1078 | D:3      | Reached skill level 4 in Axes
  1078 | D:3      | Reached skill level 1 in Armour
  1078 | D:3      | Reached skill level 1 in Stealth
  1078 | D:3      | Reached XP level 5. HP: 10/27 MP: 4/6
  1078 | D:3      | Reached XP level 6. HP: 12/31 MP: 4/7
  1227 | D:3      | Noticed Ijyb
  1242 | D:3      | Killed Ijyb
  1773 | D:2      | HP: 1/32 [gnoll/spear (3)]
  1774 | D:2      | Slain by a gnoll

Vault maps used:
D:1:      eino_arrival_cavern_d, minmay_tromino_v2
D:2:      glass_columns_a, uniq_jessica, uniq_terence, uniq_robin, uniq_natasha
D:3:      kennysheep_generic_room_4, uniq_ijyb, uniq_sigmund

Skill      XL: |  1  2  3  4  5  6 |
---------------+-------------------+-----
Axes           | 3 4 |  4.6
Fighting       | 2 |  2.6
Armour         | 1 2 |  2.0
Dodging        | 3 |  3.2
Stealth        | 1 2 |  2.1
Throwing       | |  1.9
Shields        | |  0.4

Action                   |  1- 3 |  4- 6 || total
-------------------------+-------+-------++-------
Melee: War axe           |    40 |    89 ||   129
       Bite              |     5 |    23 ||    28
 Stab: Sleeping          |     2 |     5 ||     7
  Eat: Chunk             |       |     3 ||     3
Armor: Leather armour    |    13 |    36 ||    49
Dodge: Dodged            |    39 |    34 ||    73
Block: Shield            |       |    33 ||    33

Table legend:
 A = Spawn XP
 B = Non-spawn XP
 C = Spawn XP percentage of total XP
 D = Spawn monster count
 E = Non-spawn monster count
 F = Spawn count percentage of total count
 G = Total turns spent on level
                    A         B        C        D         E        F      G
               +---------+---------+-------+---------+---------+-------+---------
         Total |       0 |     504 |   0.0 |       0 |      54 |   0.0 |  1774
               +---------+---------+-------+---------+---------+-------+---------
           D:1 |       0 |      20 |   0.0 |       0 |      12 |   0.0 |   893
           D:2 |       0 |      91 |   0.0 |       0 |      13 |   0.0 |   103
           D:3 |       0 |     393 |   0.0 |       0 |      29 |   0.0 |   778
               +---------+---------+-------+---------+---------+-------+---------
